 Dungeon Crawl Stone Soup version 0.31-a0-1626-g5cb510d322 (webtiles) character file.

Game seed: 2959681166398718204

1713480 ragingrage the Slayer (level 26, 228/228 HPs)
             Began as a Hill Orc Hunter on Jan 11, 2024.
             Was an Elder of Hepliaklqana.
             Escaped with the Orb
             ... and 3 runes on Jan 12, 2024!
             The game lasted 02:02:00 (63645 turns).

ragingrage the Slayer (Hill Orc Hunter)            Turns: 63645, Time: 02:02:00

Health: 228/228    AC: 35    Str: 24    XL:     26   Next: 92%
Magic:  28/28      EV: 28    Int:  7    God:    Hepliaklqana [****..]
Gold:   4310       SH:  9    Dex: 33    Spells: 19/25 levels left

rFire   + + .        a - +9 hand cannon (freeze)
rCold   + + +        S - +1 buckler of the Gate {rElec rC++ MP-9}
rNeg    + . .        h - +3 pearl dragon scales of Moral Flaws {*Corrode rN+ Str+4 Int-2 Dex+6}
rPois   +            Q - +2 hat of the Bear Spirit {Spirit, Bear, *Rage Will++}
rElec   +            B - scarf {rC+ rF+}
rCorr   .            c - +2 pair of gloves of Defence {Str+2}
SInv    .            b - +0 pair of boots
Will    +++..        G - dreamshard necklace {Acrobat *Dream}
Stlth   ++           N - ring "Faimuofy" {Fly rPois rF+}
HPRegen 0.58/turn    O - ring "Sahyg" {AC+4 Dex+3}
MPRegen 0.21/turn

%: random rage (20%), corrode self (3%), acrobat, guardian spirit
@: flying
A: reduced essence, thin skeletal structure 1, evolution 1
0: Orb of Zot
}: 3/15 runes: barnacled, silver, gossamer
a: Renounce Religion, Recall Ancestor, Ancestor Identity, Transference, Idealise


You escaped.
You worshipped Hepliaklqana.
Hepliaklqana was greatly pleased with you.
You visited 10 branches of the dungeon, and saw 48 of its levels.
You also visited: Trove, Sewer, Ice Cave and Wizlab.

You collected 8355 gold pieces.
You spent 4045 gold pieces at shops.

Inventory:

Hand Weapons
 a - a +9 hand cannon of freezing (weapon)
Missiles
 J - 4 throwing nets
Armour
 b - a +0 pair of boots (worn)
 c - the +2 pair of gloves of Defence (worn) {Str+2}
   (You found it in an ice cave)

   Str+2:     It affects your strength (+2).
 h - the +3 pearl dragon scales of Moral Flaws (worn) {*Corrode rN+ Str+4 Int-2 Dex+6}
   (You found it in a treasure trove)

   Str+4:     It affects your strength (+4).
   Int-2:     It affects your intelligence (-2).
   Dex+6:     It affects your dexterity (+6).
   rN+:       It protects you from negative energy.
   *Corrode:  It may corrode you when you take damage.
 t - a +2 buckler of cold resistance
 B - a scarf of resistance (worn)
 Q - the +2 hat of the Bear Spirit (worn) {Spirit, Bear, *Rage Will++}
   (You found it on level 4 of the Spider Nest)

   Bear:      Going berserk makes the wearer exceptionally tough, and they are
   slowed for a shorter time afterward.
   Will++:    It greatly increases your willpower.
   *Rage:     It berserks you when you make melee attacks (+20% chance).
 S - the +1 buckler of the Gate (worn) {rElec rC++ MP-9}
   (You found it on level 3 of the Spider Nest)

   rC++:      It greatly protects you from cold.
   rElec:     It insulates you from electricity.
   MP-9:      It affects your magic capacity (-9).
 X - the +1 troll leather armour "Gaw Wau" {rElec Will+ Regen+ rCorr}
   (You took it off a merfolk impaler on level 4 of the Shoals)

   rElec:     It insulates you from electricity.
   Will+:     It increases your willpower.
   Regen+:    It increases your rate of health regeneration.
   rCorr:     It protects you from acid and corrosion.
Jewellery
 d - a ring of see invisible
 p - the ring "Joduon" {EV+5 Stlth+}
   (You took it off a deep elf death mage on level 3 of the Elven Halls)

   [ring of evasion]

   EV+5:      It affects your evasion (+5).
   Stlth+:    It makes you more stealthy.
 w - a ring of resist corrosion
 G - the dreamshard necklace (around neck) {Acrobat *Dream}
   (You took it off a deep elf death mage on level 5 of the Vaults)

   [amulet of the acrobat]

   *Dream:    It absorbs a single lethal wound into itself, holding its wearer
   just short of death and releasing dream-creatures to guard them.
   Acrobat:   It increases your evasion while moving and waiting.
 N - the ring "Faimuofy" (left hand) {Fly rPois rF+}
   (You bought it in a shop on level 2 of the Orcish Mines)

   [ring of flight]

   rF+:       It protects you from fire.
   rPois:     It protects you from poison Fly: It grants you flight.
 O - the ring "Sahyg" (right hand) {AC+4 Dex+3}
   (You bought it in a shop on level 2 of the Orcish Mines)

   [ring of protection]

   AC+4:      It affects your AC (+4).
   Dex+3:     It affects your dexterity (+3).
 W - a +4 ring of protection
Wands
 z - a wand of paralysis (44)
 C - a wand of acid (13)
 H - a wand of roots (45)
 R - a wand of flame (122)
 T - a wand of digging (8)
Scrolls
 e - 13 scrolls of fear
 i - 6 scrolls of revelation
 m - 13 scrolls of poison
 n - 24 scrolls of teleportation
 s - 9 scrolls of fog
 v - a scroll of brand weapon
 A - 6 scrolls of summoning
 D - a scroll of blinking
 M - 8 scrolls of immolation
 U - 3 scrolls of noise
 Z - 8 scrolls of vulnerability
Potions
 g - 13 potions of ambrosia
 j - 5 potions of heal wounds
 k - 14 potions of curing
 l - 12 potions of attraction
 q - 6 potions of haste
 r - 7 potions of brilliance
 u - 4 potions of cancellation
 x - 3 potions of enlightenment
 E - 8 potions of lignification
 I - a potion of invisibility
 K - 5 potions of magic
 L - 7 potions of resistance
 P - 10 potions of mutation
Miscellaneous
 f - a phial of floods
 o - a phantom mirror
 F - a lightning rod (4/4)
 V - a box of beasts (inert)
 Y - a condenser vane


   Skills:
 - Level 24.0 Fighting
 - Level 20.0 Ranged Weapons
 - Level 22.0 Armour
 - Level 17.0 Dodging
 - Level 9.0 Stealth
 - Level 7.0 Shields
 + Level 20.3 Invocations
 - Level 18.0 Evocations


You had 19 spell levels left.
You knew the following spells:

 Your Spells              Type           Power      Damage    Failure   Level
a - Blink                 Tloc           0%         N/A       83%         2
b - Dimensional Bullseye  Hex/Tloc       0%         N/A       100%        4

Your spell library contained the following spells:

 Spells                   Type           Power      Damage    Failure   Level
 Apportation              Tloc           0%         N/A       69%         1
 Foxfire                  Conj/Fire      0%         2x1d4     69%         1
 Freeze                   Ice            0%         1d3       69%         1
 Magic Dart               Conj           0%         1d3       69%         1
 Necrotise                Necr           0%         1d4       69%         1
 Shock                    Conj/Air       0%         1d3       69%         1
 Slow                     Hex            0%         N/A       69%         1
 Sting                    Conj/Alch      0%         1d3       69%         1
 Summon Small Mammal      Summ           0%         N/A       69%         1
 Call Imp                 Summ           0%         N/A       83%         2
 Cigotuvi's Dreadful Rot  Necr/Alch/Air  0%         N/A       83%         2
 Ensorcelled Hibernation  Hex/Ice        0%         N/A       83%         2
 Lesser Beckoning         Tloc           0%         N/A       83%         2
 Momentum Strike          Conj/Tloc      0%         3d8       83%         2
 Scorch                   Fire           0%         2d5       83%         2
 Sublimation of Blood     Necr           0%         N/A       83%         2
 Call Canine Familiar     Summ           0%         N/A       96%         3
 Confusing Touch          Hex            0%         N/A       96%         3
 Dazzling Flash           Conj/Hex       0%         N/A       96%         3
 Frozen Ramparts          Ice            0%         1d1       96%         3
 Fugue of the Fallen      Necr           0%         N/A       96%         3
 Hailstorm                Conj/Ice       0%         3d5       96%         3
 Inner Flame              Hex/Fire       0%         N/A       96%         3
 Mephitic Cloud           Conj/Alch/Air  0%         N/A       96%         3
 Ozocubu's Armour         Ice            0%         N/A       96%         3
 Passwall                 Erth           0%         N/A       96%         3
 Sigil of Binding         Hex            0%         N/A       96%         3
 Summon Ice Beast         Ice/Summ       0%         N/A       96%         3
 Swiftness                Air            0%         N/A       96%         3
 Tukima's Dance           Hex            0%         N/A       96%         3
 Vampiric Draining        Necr           0%         2d6       96%         3
 Volatile Blastmotes      Fire/Tloc      0%         2d10      96%         3
 Airstrike                Air            0%         2d(0-16)  100%        4
 Anguish                  Hex/Necr       0%         N/A       100%        4
 Cause Fear               Hex            0%         N/A       100%        4
 Dispel Undead            Necr           0%         3d6       100%        4
 Flame Wave               Conj/Fire      0%         2d4       100%        4
 Fulminant Prism          Conj/Alch      0%         3d5       100%        4
 Ignite Poison            Fire/Alch      0%         N/A       100%        4
 Iskenderun's Mystic Bla  Conj/Tloc      0%         2d3       100%        4
 Leda's Liquefaction      Alch/Erth      0%         N/A       100%        4
 Manifold Assault         Tloc           0%         N/A       100%        4
 Martyr's Knell           Necr/Summ      0%         N/A       100%        4
 Passage of Golubria      Tloc           0%         N/A       100%        4
 Sticky Flame             Fire/Alch      0%         2d4       100%        4
 Summon Blazeheart Golem  Fire/Summ      0%         N/A       100%        4
 Vhi's Electric Charge    Tloc/Air       0%         N/A       100%        4
 Alistair's Intoxication  Alch           0%         N/A       100%        5
 Arcjolt                  Conj/Air       0%         1d10      100%        5
 Borgnjor's Vile Clutch   Necr/Erth      0%         N/A       100%        5
 Curse of Agony           Necr           0%         N/A       100%        5
 Fireball                 Conj/Fire      0%         3d3       100%        5
 Freezing Cloud           Conj/Ice/Air   0%         6-21      100%        5
 Irradiate                Conj/Alch      0%         3d11      100%        5
 Silence                  Hex/Air        0%         N/A       100%        5
 Summon Forest            Summ/Tloc      0%         N/A       100%        5
 Conjure Ball Lightning   Conj/Air       0%         3x3d6     100%        6
 Death Channel            Necr           0%         N/A       100%        6
 Eringya's Noxious Bog    Alch           0%         4d6       100%        6
 Plasma Beam              Fire/Air       0%         2x1d10    100%        6
 Sculpt Simulacrum        Ice/Alch       0%         N/A       100%        6
 Starburst                Conj/Fire      0%         6d3       100%        6
 Summon Cactus Giant      Summ           0%         N/A       100%        6
 Haunt                    Necr/Summ      0%         N/A       100%        7
 Malign Gateway           Summ/Tloc      0%         N/A       100%        7
 Orb of Destruction       Conj           0%         9d5       100%        7
 Spellforged Servitor     Conj/Summ      0%         N/A       100%        7
 Summon Hydra             Summ           0%         N/A       100%        7
 Borgnjor's Revivificati  Necr           0%         N/A       100%        8
 Discord                  Hex            0%         N/A       100%        8
 Disjunction              Tloc           0%         N/A       100%        8
 Ignition                 Fire           0%         3d3       100%        8
 Lehudib's Crystal Spear  Conj/Erth      0%         10d2      100%        8
 Maxwell's Capacitive Co  Air            0%         ∞         100%        8
 Death's Door             Necr           0%         N/A       100%        9
 Dragon's Call            Summ           0%         N/A       100%        9


Dungeon Overview and Level Annotations

Branches:
Dungeon (15/15)            Temple (1/1) D:4            Lair (5/5) D:11
 Shoals (4/4) Lair:2       Spider (4/4) Lair:3        Slime (0/5) Lair:4
    Orc (2/2) D:11            Elf (3/3) Orc:2        Vaults (5/5) D:13
  Crypt (0/3) Vaults:2     Depths (4/4) D:15            Zot (5/5) Depths:4
  Sewer (visited)           IceCv (visited)          WizLab (visited)

Altars:
Ashenzari
Cheibriados
Dithmenos
Elyvilon
Fedhas
Gozag
Hepliaklqana
Kikubaaqudgha
Makhleb
Nemelex Xobeh
Okawaru
Qazlal
Ru
Sif Muna
Trog
Uskayaw
Vehumet
Wu Jian
Xom
Yredelemnul
Zin
The Shining One
Jiyva

Shops:
D:5 ?(   D:13 *   Orc:1 :   Orc:2 ![*=   Elf:1 =   Elf:2 !?*

Portals:
Hell: Depths:1 Depths:2 Depths:3 Depths:4
Abyss: Depths:3
Pandemonium: Orc:2 Depths:2
Ziggurat: Depths:4

Annotations:
D:4 exclusion: downstairs
D:5 exclusion: door
Shoals:2 exclusion: downstairs
Elf:2 3 runed translucent doors
Vaults:1 2 transporters, exclusion: obsidian statue
Vaults:2 36 runed translucent doors
Depths:2 exclusion: downstairs
Depths:4 exclusion: upstairs
Zot:1 6 transporters, Tiamat


Innate Abilities, Weirdness & Mutations

Your life essence is reduced to manifest your ancestor. (-10% HP)
You have a somewhat thin skeletal structure. (Dex +2, Stealth+)
You have hidden genetic potential.


Message History

(N) Spider Nest (M) Slime Pits (O) Orcish Mines (E) Elven Halls (V) Vaults (C) Crypt (U) Depths (H) Hell (Z) Zot
Where to? (Tab/Enter - D:1 @ (x,y), ? - help)
Things that are here:
a +0 chain mail; a +0 morningstar
There is a stone staircase leading up here.
You fly upwards.
There is a stone staircase leading down here.
There is a stone staircase leading up, spattered with blood here.
You fly upwards.
There is a stone staircase leading down here.
A blizzard demon comes into view.
You shoot a bolt.
The bolt hits the blizzard demon but does no damage.
Xolani gestures wildly while chanting.
Xolani seems to speed up.
You shoot a bolt.
The bolt closely misses the blizzard demon.
You shoot a bolt. Xolani avoids your attack.
The bolt hits the blizzard demon!!
Xolani hits the blizzard demon with a +0 broad axe of speed!
Xolani blocks the blizzard demon's attack. x2
Xolani barely misses the blizzard demon.
You shoot a bolt. Xolani avoids your attack.
The bolt hits the blizzard demon!
Xolani hits the blizzard demon with a +0 broad axe of speed!
The blizzard demon gestures at you.
The bolt of lightning hits Xolani!!
The bolt of lightning misses you.
You shoot a bolt. Xolani avoids your attack.
The bolt hits the blizzard demon.
Xolani barely misses the blizzard demon.
Xolani blocks the blizzard demon's attack. x2
Xolani hits the blizzard demon with a +0 broad axe of speed!!
The blizzard demon dies!
(D) Dungeon (T) Temple (L) Lair (A) Shoals (N) Spider Nest (M) Slime Pits (O) Orcish Mines (E) Elven Halls (V) Vaults (C) Crypt (U) Depths (H) Hell (Z) Zot
Where to? (Tab/Enter - D:1 @ (x,y), ? - help)
There is an open door here.
There is a staircase leading out of the dungeon here.
You have escaped!

#.# ####.#.###### #.. #.#
#...# #.. #.#
###.#########.. #.#
#............ #.#######
########..#.###.#...
#.......#
#.).......#.###.#.##
#######.#
#.#######.#.........
#.########## #.......#.##
#.##.(.##@.# #.#...#.#.##
#.##...##R.# #.....)...##
#..#'####..# #.#...#.####
#....####..# #.#.#.#.# ##
###.....##'####.#.#.#.###.
##.......##.............
####'#......###.#.......
#....#+#..### #...#.....
#....'.#### ###..(....


You could see the friendly Xolani the knight (fast, reflecting).

Vanquished Creatures
  A dread lich (Vaults:5)
  2 ancient liches (Zot:5)
  Mara (Vaults:3)
  Mennas (Vaults:4)
  2 orbs of fire (Zot:5)
  A shard shrike (IceCv)
  A Killer Klown (Zot:5)
  4 caustic shrikes
  2 curse toes
  Nikola (Shoals:3)
  6 golden dragons
  A mutant beast (WizLab)
  2 electric golems (Zot:5)
  A hellephant (Depths:1)
  A lich (Depths:3)
  8 tentacled monstrosities
  A deep elf master archer (Elf:3)
  10 Orb Guardians (Zot:5)
  Rupert (Lair:5)
  A walking earthen tome (Depths:2)
  2 quicksilver dragons
  A walking divine tome (Depths:2)
  3 sphinxes
  Frances (Shoals:1)
  A deep elf blademaster (Elf:3)
  3 death cobs
  5 tengu reavers
  4 shadow dragons
  2 draconian monks
  6 storm dragons
  Kirke (D:12)
  A demonspawn warmonger (D:12)
  3 fire giants
  Ilsuiw (Shoals:2)
  4 protean progenitors
  12 vault wardens
  3 frost giants
  3 draconian scorchers
  4 draconian shifters
  2 emperor scorpions
  A ghost moth (Zot:5)
  3 spectral caustic shrikes (Depths:1)
  4 deep elf elementalists
  An orc warlord (Vaults:3)
  5 draconian stormcallers
  11 ironbound preservers
  A reaper (Depths:2)
  A broodmother (Spider:2)
  6 ironbound thunderhulks
  2 formless jellyfish (Vaults:3)
  A vampire knight (Vaults:2)
  6 very ugly things
  5 stone giants
  5 green draconians
  3 draconian annihilators (Zot:5)
  4 black draconians
  3 spark wasps
  7 deep elf demonologists
  A demonspawn black sun (Zot:1)
  9 deep elf death magi
  A lorocyproca (Zot:1)
  8 dire elephants
  A bunyip (Zot:5)
  3 war gargoyles
  3 deep elf annihilators
  2 white draconians
  2 yellow draconians
  10 red draconians
  The ghost of Cistriuss the Blocker, a journeyman DgFi (Lair:1)
  2 green deaths
  6 purple draconians
  7 merfolk javelineers
  9 yaktaur captains
  8 ettins
  4 fire dragons
  4 merfolk impalers
  Josephine (D:10)
  4 entropy weavers
  3 great orbs of eyes (Vaults:4)
  2 deep elf high priests
  An entropy weaver (shapeshifter) (D:14)
  A hydra (Lair:3)
  17 vault guards
  4 ice dragons
  3 jorogumos
  A spriggan air mage (Depths:3)
  2 rakshasas (Depths:1)
  6 catoblepae
  7 ironbound frosthearts
  7 radroaches
  Erica (D:9)
  2 demonspawn (Orc:2)
  A two-headed ogre (shapeshifter) (Vaults:5)
  7 centaur warriors
  3 ogre magi
  2 peacekeepers
  An alligator snapping turtle (Shoals:2)
  2 death knights
  The ghost of indigowater the Fighter, a novice MiBe of Trog (Lair:1)
  8 boulder beetles
  2 satyrs (Shoals:4)
  2 merfolk aquamancers (Shoals:4)
  5 merfolk avatars
  2 death scarabs (Spider:2)
  10 death yaks (Lair:5)
  19 dancing weapons
  3 tengu warriors
  3 two-headed ogres
  An occultist (Depths:1)
  A vampire mage (Vaults:2)
  4 deep troll shamans
  9 demonic crawlers
  A spriggan berserker (Depths:1)
  2 orc high priests (Orc:2)
  5 deep troll earth magi
  Urug (D:10)
  11 deep elf knights
  11 iron trolls
  5 skysharks
  A soul eater (Depths:1)
  4 hell knights
  A shadow wraith (Vaults:5)
  5 skeletal warriors
  A cherub (Depths:2)
  5 sea snakes
  5 arcanists
  7 pharaoh ants
  An orb spider (shapeshifter) (WizLab)
  2 orb spiders (Spider:2)
  A glowing orange brain (shapeshifter) (Depths:2)
  42 deep trolls
  3 glowing orange brains
  A deep troll (shapeshifter) (Depths:4)
  2 mana vipers (shapeshifter) (WizLab)
  8 deep elf archers
  2 flayed ghosts
  2 sun moths
  5 large abominations (WizLab)
  5 steelbarb worms
  An orange crystal statue (IceCv)
  11 ironbound convokers
  A lindwurm (shapeshifter) (Depths:2)
  2 phantasmal warriors (Vaults:5)
  A spriggan simulacrum (Spider:1)
  20 harpies
  13 lindwurms
  23 ugly things
  9 orc knights
  21 deep elf zephyrmancers
  8 wolf spiders
  19 deep elf pyromancers
  2 shining eyes (shapeshifter)
  A necromancer (Depths:2)
  17 manticores
  8 orc sorcerers
  7 cyclopes
  A faun (shapeshifter) (Vaults:5)
  10 fauns
  A moth of wrath (shapeshifter) (WizLab)
  6 merfolk sirens
  A cyclops (shapeshifter) (Vaults:5)
  17 moths of wrath
  8 meliai
  11 vault sentinels
  6 water nymphs (Shoals:4)
  6 elephants
  2 torpor snails
  5 black mambas
  4 kobold blastminers
  A smoke demon (D:11)
  5 cane toads
  2 gargoyles
  An orange demon (Orc:2)
  2 cane toads (shapeshifter)
  A torpor snail (shapeshifter) (Vaults:5)
  14 rime drakes
  3 efreet
  8 komodo dragons
  7 yaktaurs
  5 tengu conjurers
  3 freezing wraiths
  An anaconda simulacrum (Spider:1)
  A queen bee (D:11)
  8 trolls
  A polar bear (shapeshifter) (WizLab)
  A hellwing (Orc:2)
  26 merfolk
  11 polar bears
  4 blink frogs (Lair:1)
  8 wind drakes
  A raiju (shapeshifter) (D:15)
  11 tarantellas
  12 dream sheep
  Grinder (D:3)
  8 snapping turtles
  A dream sheep (shapeshifter) (Vaults:4)
  A snapping turtle (shapeshifter) (WizLab)
  13 jumping spiders
  5 glass eyes
  Sigmund (D:5)
  26 water elementals
  18 slime creatures
  14 culicivoras
  A shadow (D:7)
  9 air elementals
  4 wraiths
  3 wyverns
  6 hogs
  36 yaks
  A culicivora (shapeshifter) (D:14)
  A warg (Vaults:5)
  6 basilisks
  22 fire elementals
  A neqoxec (Orc:2)
  A steam dragon (Lair:5)
  A redback (shapeshifter) (Vaults:5)
  33 redbacks
  6 vampire mosquitoes
  A chaos spawn (Orc:2)
  A minotaur simulacrum (Spider:1)
  A swamp worm (shapeshifter) (Vaults:2)
  An iron golem (WizLab)
  2 acid dragons
  8 water moccasins
  26 orc warriors
  Pargi (Sewer)
  A small abomination (WizLab)
  3 black bears
  A black bear (shapeshifter) (D:14)
  7 ogres
  10 wolves
  6 centaurs
  4 boggarts (Vaults:2)
  2 lemures (D:8)
  2 brain worms (Sewer)
  5 bullfrogs
  3 scorpions
  6 earth elementals
  A gnoll sergeant (D:7)
  5 wights
  28 killer bees
  A lindwurm simulacrum (Spider:1)
  An electric eel (Spider:3)
  8 howler monkeys
  2 jellies
  3 hounds (D:5)
  17 orc priests
  A gnoll bouda (Lair:1)
  3 iron imps (D:13)
  An iguana (D:6)
  12 orc wizards
  3 hell rats (Lair:1)
  Terence (D:3)
  3 gnolls (D:7)
  9 adders
  A river rat (D:3)
  4 white imps
  A dart slug (D:1)
  3 ribbon worms (D:3)
  60 orcs
  12 ball pythons
  9 endoplasms
  3 giant cockroaches
  10 goblins
  7 hobgoblins
  6 jackals (D:2)
  8 kobolds
  4 quokkas
  5 bats
  6 frilled lizards
  7 rats
  3 aspiring fleshes
1484 creatures vanquished.

Vanquished Creatures (collateral kills)
  A dread lich (Vaults:3)
  A pandemonium lord (D:9)
  6 orbs of fire
  2 ancient liches
  A Killer Klown (Zot:5)
  3 curse toes
  3 golden dragons
  Arachne (Spider:4)
  An electric golem (Zot:1)
  4 tentacled monstrosities (Zot:5)
  A deep elf blademaster (Elf:3)
  14 Orb Guardians
  2 quicksilver dragons
  3 sphinxes
  2 titans (Vaults:5)
  A deep elf master archer (Elf:3)
  8 death cobs
  A tengu reaver (Depths:2)
  A shadow dragon (Zot:5)
  3 storm dragons (Zot:4)
  4 draconian scorchers
  4 frost giants
  3 vault wardens
  3 draconian shifters
  A draconian monk (Zot:5)
  3 emperor scorpions
  A deep elf elementalist (Elf:3)
  2 fire giants
  4 deep elf sorcerers (Elf:3)
  2 draconian stormcallers
  2 spectral caustic shrikes (Depths:1)
  Louise (Spider:1)
  5 ironbound preservers
  4 ghost moths
  4 very ugly things
  A vampire knight (Vaults:2)
  3 draconian annihilators
  A black draconian (Zot:1)
  4 stone giants
  A demonspawn black sun (Zot:1)
  6 deep elf demonologists
  2 deep elf death magi
  3 green draconians
  A bunyip (Zot:5)
  2 red draconians
  4 dire elephants
  3 spark wasps
  4 deep elf annihilators (Elf:3)
  7 white draconians
  A blizzard demon (D:1)
  Snorg (Lair:4)
  A yellow draconian (Zot:4)
  A crystal guardian (Vaults:4)
  2 purple draconians
  The ghost of zenocrate the Covert, a journeyman VSEn of Gozag (Lair:1)
  The ghost of Newt the Markskobold, a journeyman KoHu of Hepliaklqana (Lair:1)
  A yaktaur captain (Vaults:5)
  4 ettins
  A deep elf high priest (Elf:3)
  3 merfolk javelineers
  2 entropy weavers (Spider:4)
  2 merfolk impalers (Shoals:3)
  3 hydras
  An ice dragon (Depths:3)
  2 ironbound frosthearts
  19 vault guards
  Erolcha (D:12)
  A demonspawn (Orc:2)
  The ghost of Laraso the Mimic, a journeyman DrWr of Cheibriados (Lair:1)
  5 radroaches
  An ogre mage (D:11)
  A spriggan air mage (Depths:1)
  A rakshasa (Depths:1)
  A peacekeeper (Vaults:4)
  3 catoblepae
  A boulder beetle (Spider:4)
  2 centaur warriors (Vaults:1)
  A two-headed ogre (D:9)
  2 death yaks (Lair:5)
  A tengu warrior (D:15)
  A satyr (Zot:1)
  3 deep troll shamans
  4 dancing weapons
  3 deep troll earth magi
  5 demonic crawlers
  3 orc high priests (Orc:2)
  A spriggan berserker (Depths:1)
  3 deep elf knights
  3 hell knights (Depths:2)
  An iron troll (Depths:3)
  A skyshark (Shoals:3)
  A sun demon (Depths:2)
  A flayed ghost (Depths:1)
  A sea snake (shapeshifter) (WizLab)
  3 skeletal warriors
  Lodul (D:12)
  A glowing orange brain (Vaults:4)
  13 deep trolls
  A pharaoh ant (Spider:3)
  2 orb spiders
  A deep troll (shapeshifter) (WizLab)
  2 sea snakes
  2 arcanists (Vaults:3)
  A sun moth (Spider:4)
  A necromancer (Vaults:3)
  4 lindwurms
  Pikel (D:8)
  5 harpies
  3 steelbarb worms
  An ironbound convoker (Vaults:3)
  4 deep elf archers
  2 phantasmal warriors
  7 deep elf pyromancers
  A faun (Shoals:2)
  A deep elf zephyrmancer (Elf:1)
  An orc sorcerer (Orc:2)
  6 wolf spiders
  A shining eye (shapeshifter) (WizLab)
  19 ugly things
  3 manticores
  A merfolk siren (Shoals:4)
  4 elephants
  3 moths of wrath
  6 vault sentinels
  A torpor snail (Spider:4)
  3 meliai (Spider:4)
  5 cane toads
  Maggie (D:10)
  3 unseen horrors (D:11)
  2 large abominations (WizLab)
  A water nymph (Shoals:4)
  A komodo dragon (shapeshifter) (WizLab)
  6 yaktaurs
  5 rime drakes
  2 komodo dragons
  A red devil (Depths:1)
  A hellwing (Orc:2)
  A queen bee (Spider:4)
  4 polar bears (IceCv)
  A queen bee (shapeshifter) (WizLab)
  3 trolls
  8 merfolk
  A blink frog (Lair:1)
  7 tarantellas
  An alligator simulacrum (Spider:1)
  5 wind drakes
  A glass eye (shapeshifter) (WizLab)
  A wind drake (shapeshifter) (WizLab)
  7 dream sheep
  3 glass eyes (WizLab)
  2 jumping spiders (Spider:2)
  2 air elementals (Shoals:4)
  A snapping turtle (Shoals:4)
  9 slime creatures
  8 culicivoras
  A shadow (D:11)
  7 water elementals
  3 fire elementals
  A wyvern (Lair:4)
  18 yaks
  3 wraiths (D:10)
  2 basilisks (Lair:2)
  A hog (Zot:5)
  12 redbacks
  Grum (D:10)
  A vampire mosquito (D:10)
  A redback (shapeshifter) (WizLab)
  3 acid dragons
  4 water moccasins
  5 orc warriors
  5 small abominations (WizLab)
  2 ogres (D:11)
  4 centaurs
  7 wolves
  2 kobold brigands
  A scorpion (D:7)
  2 deep troll simulacra (Spider:1)
  An earth elemental (Elf:2)
  5 wights
  20 killer bees
  2 howler monkeys (D:9)
  8 orc priests
  A hound (D:6)
  A jelly (Lair:4)
  7 orc wizards
  4 hell rats (Lair:1)
  A gnoll (D:7)
  10 orcs
587 creatures vanquished.

Vanquished Creatures (others)
  A draconian annihilator (Zot:1)
  A formless jellyfish (Shoals:4)
  2 yaktaur captains (Vaults:2)
  A centaur warrior (Vaults:1)
  A deep elf knight (Elf:3)
  A shadow wraith (Vaults:5)
  A deep elf archer (Elf:2)
  An ironbound convoker (Vaults:1)
  An orc knight (Vaults:5)
  A deep elf zephyrmancer (Elf:2)
  A manticore (Shoals:2)
  A vault sentinel (Vaults:4)
  A merfolk siren (Shoals:2)
  2 yaktaurs (Vaults:5)
  A merfolk (Shoals:3)
  A dream sheep (Shoals:1)
  A redback (Spider:2)
  37 knights
  2 ancestors
58 creatures vanquished.

Grand Total: 2129 creatures vanquished

Notes
Turn   | Place    | Note
-------+----------+-------------------------------------------
     0 | D:1      | ragingrage the Hill Orc Hunter began the quest for the Orb.
     0 | D:1      | Reached XP level 1. HP: 18/18 MP: 1/1
   100 | D:1      | Reached XP level 2. HP: 25/25 MP: 2/2
   306 | D:1      | Reached XP level 3. HP: 28/30 MP: 3/3
   369 | D:1      | Reached skill level 1 in Stealth
   914 | D:2      | Reached XP level 4. HP: 28/37 MP: 4/4
  1033 | D:2      | Reached skill level 3 in Fighting
  1396 | D:3      | Noticed Grinder
  1522 | D:3      | Found a glowing drain.
  1554 | Sewer    | Entered a sewer
  1556 | Sewer    | Reached skill level 5 in Ranged Weapons
  1595 | Sewer    | Noticed a brain worm
  1606 | Sewer    | Killed a brain worm
  1607 | Sewer    | Reached XP level 5. HP: 42/45 MP: 5/5
  1644 | Sewer    | Noticed Pargi
  1662 | Sewer    | Killed Pargi
  1663 | Sewer    | Reached skill level 4 in Fighting
  1663 | Sewer    | Reached XP level 6. HP: 26/52 MP: 6/6
  2081 | D:3      | Paralysed by Grinder for 4 turns
  2110 | D:3      | Killed Grinder
  2111 | D:3      | Reached skill level 5 in Fighting
  2111 | D:3      | Reached XP level 7. HP: 32/61 MP: 7/7
  2226 | D:3      | Noticed Terence
  2870 | D:4      | Found a staircase to the Ecumenical Temple.
  2875 | Temple   | Entered the Ecumenical Temple
  2893 | Temple   | Became a worshipper of Hepliaklqana the Forgotten
  3191 | D:5      | Entered Level 5 of the Dungeon
  3340 | D:5      | Reached XP level 8. HP: 56/68 MP: 8/8
  3413 | D:5      | Found Beim's Weapon Shop.
  3779 | D:5      | Found Boan's Magic Scroll Shoppe.
  3797 | D:5      | Bought a scroll of teleportation for 39 gold pieces
  3797 | D:5      | Bought a scroll of blinking for 97 gold pieces
  3797 | D:5      | Bought a scroll of poison for 52 gold pieces
  3911 | D:5      | Reached * piety under Hepliaklqana
  3915 | D:5      | Noticed Sigmund
  3925 | D:5      | Killed Sigmund
  4071 | D:6      | Found the +5 woodcutter's axe
  4268 | D:6      | Reached skill level 10 in Ranged Weapons
  4329 | D:6      | Identified the +3 rapier "Orb Guardian's Foe" {holy, Will+}
  4352 | D:6      | Reached XP level 9. HP: 66/66 MP: 9/9
  5034 | D:7      | Noticed a manticore
  5046 | D:7      | Killed a manticore
  5132 | D:7      | Reached ** piety under Hepliaklqana
  5133 | D:7      | Remembered your ancestor Xolani as a knight
  5952 | D:8      | Reached XP level 10. HP: 56/72 MP: 10/10
  6071 | D:8      | Noticed Pikel
  6079 | D:8      | Killed Pikel
  6172 | D:8      | Found a shimmering blue altar of Sif Muna.
  6404 | D:8      | Identified the +1 ring mail of the Teaching Gods {-Tele
                  | rElec rPois Regen+}
  6603 | D:9      | Noticed a two-headed ogre
  6610 | D:9      | Killed a two-headed ogre
  6655 | D:9      | Reached *** piety under Hepliaklqana
  6712 | D:9      | Noticed Erica
  6712 | D:9      | Found the Hermit's Pendant {Faith Invo=14 Evo=0 MP+5}
  6722 | D:9      | Killed Erica
  6907 | D:9      | Found a basalt altar of Yredelemnul.
  6907 | D:9      | Found an iron altar of Okawaru.
  6909 | D:9      | Found a snail-covered altar of Cheibriados.
  7249 | D:10     | Entered Level 10 of the Dungeon
  7249 | D:10     | Noticed Urug
  7294 | D:10     | Noticed a manticore
  7529 | D:10     | Killed a manticore
  7590 | D:10     | Reached XP level 11. HP: 75/80 MP: 21/21
  7629 | D:10     | Noticed Maggie
  7634 | D:10     | Noticed Josephine
  7645 | D:10     | Killed Maggie
  7646 | D:10     | Reached skill level 6 in Fighting
  7662 | D:10     | Killed Josephine
  7889 | D:10     | Reached **** piety under Hepliaklqana
  8042 | D:10     | Noticed Grum
  8053 | D:10     | Killed Grum
  8222 | D:10     | Reached skill level 7 in Fighting
  8292 | D:10     | Killed Urug
  8293 | D:10     | Reached skill level 15 in Ranged Weapons
  8954 | D:11     | Noticed a manticore
  8966 | D:11     | Killed a manticore
  9015 | D:11     | Noticed a manticore
  9024 | D:11     | Killed a manticore
  9179 | D:11     | Reached skill level 8 in Fighting
  9211 | D:11     | Noticed a red ugly thing
  9224 | D:11     | Killed a red ugly thing
  9248 | D:11     | Reached skill level 9 in Fighting
  9355 | D:11     | Reached skill level 1 in Armour
  9379 | D:11     | Noticed a cyclops
  9383 | D:11     | Noticed a boulder beetle
  9411 | D:11     | Killed a cyclops
  9412 | D:11     | Reached XP level 12. HP: 75/93 MP: 22/22
  9554 | D:11     | Noticed an ogre mage
  9567 | D:11     | Killed an ogre mage
  9661 | D:11     | Found a staircase to the Lair.
  9940 | D:11     | Noticed an ogre mage
  9944 | D:11     | Noticed a centaur warrior
 10043 | D:12     | Reached skill level 10 in Fighting
 10044 | D:12     | Noticed Lodul
 10054 | D:12     | Killed Lodul
 10055 | D:12     | Reached skill level 5 in Dodging
 10158 | D:12     | Noticed Erolcha
 10162 | D:12     | Killed Erolcha
 10261 | D:12     | Noticed a two-headed ogre
 10267 | D:12     | Killed a two-headed ogre
 10360 | D:12     | Noticed a two-headed ogre
 10431 | D:12     | Killed a two-headed ogre
 10432 | D:12     | Reached skill level 11 in Fighting
 10432 | D:12     | Reached skill level 5 in Armour
 10513 | D:12     | Reached ***** piety under Hepliaklqana
 10554 | D:11     | Found a staircase to the Orcish Mines.
 10878 | Lair:1   | Entered Level 1 of the Lair of Beasts
 11068 | Lair:1   | Reached skill level 12 in Fighting
 11069 | Lair:1   | Reached XP level 13. HP: 47/106 MP: 23/23
 11522 | Lair:1   | You fall into a shaft and drop 1 floor!
 11562 | Lair:2   | Reached skill level 13 in Fighting
 11906 | Lair:1   | Found a runed translucent gate.
 11906 | Lair:1   | Found a runed translucent gate.
 11906 | Lair:1   | Found a runed translucent gate.
 11906 | Lair:1   | Noticed Newt's ghost (journeyman KoHu)
 11906 | Lair:1   | Noticed indigowater's ghost (novice MiBe)
 11906 | Lair:1   | Noticed zenocrate's ghost (journeyman VSEn)
 11906 | Lair:1   | Noticed Laraso's ghost (journeyman DrWr)
 11906 | Lair:1   | Noticed Cistriuss's ghost (journeyman DgFi)
 12051 | Lair:2   | Reached skill level 14 in Fighting
 12593 | Lair:2   | Learned a level 2 spell: Blink
 12643 | Lair:2   | Found a staircase to the Shoals.
 13867 | Lair:3   | Found a hole to the Spider Nest.
 13879 | Lair:3   | Identified the +5 chain mail "Boatuat" {MP+9}
 14363 | Lair:4   | Found a staircase to the Slime Pits.
 14363 | Lair:4   | Found a viscous altar of Jiyva.
 14452 | Lair:4   | Reached XP level 14. HP: 104/118 MP: 24/24
 14761 | Lair:4   | Noticed Snorg
 14770 | Lair:4   | Killed Snorg
 15127 | Lair:4   | Identified the +8 orcbow "Goblinslayer" {flame, Int+3}
 15654 | Lair:5   | Entered Level 5 of the Lair of Beasts
 15840 | Lair:5   | Noticed Rupert
 15852 | Lair:5   | Killed Rupert
 15853 | Lair:5   | Reached skill level 10 in Dodging
 16006 | Lair:5   | Got Ynof Nucs's Catalogue of Cadavers
 16486 | Lair:5   | Identified the +10 short sword "Ubeorhus" {speed, ^Drain
                  | Dex+3}
 16718 | Lair:5   | Reached XP level 15. HP: 125/125 MP: 25/25
 17035 | Orc:1    | Entered Level 1 of the Orcish Mines
 17226 | Orc:2    | Entered Level 2 of the Orcish Mines
 17228 | Orc:2    | Reached skill level 15 in Fighting
 17460 | Orc:1    | Found Totoh's Book Emporium.
 17553 | Orc:1    | Reached ****** piety under Hepliaklqana
 17657 | Orc:2    | Found a staircase to the Elven Halls.
 18305 | Orc:2    | Found Xiesok's Distillery.
 18308 | Orc:2    | Found Usuwes's General Store.
 18329 | Orc:2    | Bought a potion of resistance for 120 gold pieces
 18329 | Orc:2    | Bought a potion of curing for 36 gold pieces
 18329 | Orc:2    | Bought a potion of heal wounds for 60 gold pieces
 18329 | Orc:2    | Bought a potion of heal wounds for 60 gold pieces
 18484 | Orc:2    | Reached skill level 16 in Fighting
 18621 | Orc:2    | Found Ciatuj's Jewellery Emporium.
 18621 | Orc:2    | Found Mateyxzu's Antique Armour Shoppe.
 18622 | Orc:2    | Found a one-way gate leading to the halls of Pandemonium.
 18625 | Orc:2    | Bought the ring "Sahyg" {AC+4 Dex+3} for 739 gold pieces
 18630 | Orc:2    | Bought an encrusted helmet for 285 gold pieces
 18630 | Orc:2    | Identified the +0 helmet of Apaow {Str+4} (You bought it in
                  | a shop on level 2 of the Orcish Mines)
 19840 | D:12     | Identified the +0 quarterstaff of Galext {freeze, *Rage
                  | rElec rF- Dex+5}
 19851 | D:12     | Noticed Kirke
 19856 | D:12     | Killed Kirke
 20154 | D:13     | Found Wuwnaown's Assorted Antiques.
 20160 | D:13     | Bought a dented bone amulet for 140 gold pieces
 20160 | D:13     | Bought a condenser vane for 1120 gold pieces
 20229 | D:13     | Reached skill level 1 in Invocations
 20314 | D:13     | Found a portal to a secret trove of treasure.
 20513 | D:13     | Reached skill level 1 in Evocations
 20535 | D:13     | Reached XP level 16. HP: 129/138 MP: 17/17
 20550 | D:13     | Reached skill level 17 in Fighting
 20564 | D:13     | Identified the +7 quarterstaff "Azinisk" {drain, Int+3}
 20580 | D:13     | Found a gate to the Vaults.
 20667 | D:13     | Found a burning altar of Makhleb.
 21204 | D:15     | Entered Level 15 of the Dungeon
 21681 | D:15     | Found a staircase to the Depths.
 21857 | D:15     | Reached skill level 5 in Invocations
 21976 | D:15     | Reached skill level 10 in Armour
 22359 | Shoals:1 | Entered Level 1 of the Shoals
 22911 | Shoals:1 | Noticed Frances
 22922 | Shoals:1 | Killed Frances
 23057 | Lair:1   | Killed Newt's ghost
 23063 | Lair:1   | Killed Cistriuss's ghost
 23071 | Lair:1   | Killed indigowater's ghost
 23072 | Lair:1   | Reached skill level 5 in Evocations
 23088 | Lair:1   | Killed Laraso's ghost
 23120 | Lair:1   | Killed zenocrate's ghost
 23160 | Lair:1   | Identified the +3 morningstar "Hedeyfofoq" {flame, rPois
                  | Int+2}
 23224 | Shoals:2 | Noticed Ilsuiw
 23509 | Shoals:2 | Reached XP level 17. HP: 142/143 MP: 22/22
 23528 | Shoals:2 | Killed Ilsuiw
 23532 | Shoals:2 | Reached skill level 18 in Fighting
 24212 | Shoals:3 | Identified the +0 pair of gloves of the Apricot {rC+}
 24212 | Shoals:3 | Noticed Nikola
 25213 | Shoals:3 | Killed Nikola
 25263 | Shoals:3 | Reached skill level 10 in Invocations
 25525 | Shoals:3 | Identified the +3 ring mail of Fanaticism {rF++ Will- Str+2
                  | Dex+2}
 25681 | Shoals:4 | Entered Level 4 of the Shoals
 25681 | Shoals:4 | Found a blossoming altar of Fedhas.
 25773 | Shoals:4 | Paralysed by a formless jellyfish for 1 turns
 25958 | Shoals:4 | Paralysed by an air elemental for 1 turns
 25974 | Shoals:4 | Paralysed by an air elemental for 1 turns
 25976 | Shoals:4 | Paralysed by an air elemental for 1 turns
 25981 | Shoals:4 | Paralysed by an air elemental for 1 turns
 25981 | Shoals:4 | Identified the +1 troll leather armour "Gaw Wau" {rElec
                  | Will+ Regen+ rCorr}
 26161 | Shoals:4 | Found a stormy altar of Qazlal.
 26223 | Shoals:4 | Paralysed by an air elemental for 1 turns
 26251 | Shoals:4 | Reached skill level 10 in Evocations
 26317 | Shoals:4 | Paralysed by an air elemental for 1 turns
 26467 | Shoals:4 | Reached XP level 18. HP: 142/154 MP: 26/26
 27106 | Shoals:4 | Got a barnacled rune of Zot
 27460 | Orc:1    | Bought a book of Minor Magic for 192 gold pieces
 27495 | Elf:1    | Entered Level 1 of the Elven Halls
 27810 | Elf:1    | Found Ickadyts's Jewellery Shop.
 27916 | Elf:1    | Reached skill level 5 in Stealth
 28148 | Elf:1    | Got the Enchiridion on Blows
 28149 | Elf:1    | Identified the +0 ring mail of Pragmatism {rF+ Str+3 SInv
                  | Stlth+}
 28647 | Elf:2    | Reached skill level 19 in Fighting
 28966 | Elf:2    | Identified the +5 glaive "Iriy" {freeze, rC+ Str+4 SInv}
 29317 | Elf:2    | Found Avoagir's Magic Scroll Shoppe.
 29379 | Elf:2    | Found a runed translucent gate.
 29379 | Elf:2    | Found a runed translucent gate.
 29379 | Elf:2    | Found a runed translucent gate.
 29448 | Elf:2    | Bought a scroll of teleportation for 30 gold pieces
 29448 | Elf:2    | Bought a scroll of blinking for 75 gold pieces
 29519 | Elf:2    | Found Wosu's Distillery.
 29546 | Elf:2    | Bought a potion of haste for 170 gold pieces
 29546 | Elf:2    | Bought a potion of heal wounds for 85 gold pieces
 29566 | Elf:2    | Found Haxoqaitre's Assorted Antiques.
 29579 | Elf:2    | Paralysed by an air elemental for 1 turns
 29586 | Elf:2    | Paralysed by an air elemental for 1 turns
 29589 | Elf:2    | Reached XP level 19. HP: 163/164 MP: 27/27
 29893 | Orc:2    | Bought the ring "Faimuofy" {Fly rPois rF+} for 535 gold
                  | pieces
 30109 | Spider:1 | Entered Level 1 of the Spider Nest
 30134 | Spider:1 | Noticed Louise
 30168 | Spider:1 | Killed Louise
 30243 | Spider:1 | Upgraded the game from 0.31-a0-1620-gcbf77bbcfc to
                  | 0.31-a0-1626-g5cb510d322
 30246 | Spider:1 | Found a glacial archway.
 30264 | IceCv    | Entered an ice cave
 30698 | IceCv    | Noticed a shard shrike
 30978 | IceCv    | Killed a shard shrike
 31040 | IceCv    | Identified the ring of Qumao {Ice rElec rN+ Int+3}
 31307 | IceCv    | Reached skill level 20 in Fighting
 31539 | IceCv    | Identified the +2 pair of gloves of Defence {Str+2}
 33301 | Spider:3 | Reached XP level 20. HP: 173/173 MP: 29/29
 33469 | Spider:3 | Identified the +1 morningstar of Fear {holy, rElec rF++
                  | Str+8 Dex-2}
 33744 | Spider:3 | Identified the +1 buckler of the Gate {rElec rC++ MP-9}
 33963 | Spider:4 | Entered Level 4 of the Spider Nest
 34450 | Spider:4 | Identified the serpent talisman "Syinix" {Will- Slay+3
                  | Stlth+}
 34673 | Spider:4 | Noticed Arachne
 34687 | Spider:4 | Killed Arachne
 35343 | Spider:4 | Got a gossamer rune of Zot
 35366 | Spider:4 | Found the +2 hat of the Bear Spirit {Spirit, Bear, *Rage
                  | Will++}
 35815 | Elf:3    | Entered Level 3 of the Elven Halls
 35818 | Elf:3    | Noticed a Brimstone Fiend
 35931 | Elf:3    | Found a magical portal.
 35936 | WizLab   | Entered Cigotuvi's Fleshworks
 36120 | WizLab   | Got Cigotuvi's Grimoire of Ghastly Degeneration
 36124 | WizLab   | Identified the serpent talisman of Supple Strength {+Blink
                  | Will+ Str-4 Dex+3}
 36616 | WizLab   | Reached skill level 15 in Evocations
 36666 | WizLab   | Found the +4 Cigotuvi's embrace {Corpsefed rMiasma ^Drain
                  | rN+}
 37815 | Elf:3    | Reached XP level 21. HP: 180/180 MP: 30/30
 38061 | Elf:3    | Identified the +8 mace "Xealic" {antimagic, rElec rCorr
                  | Str+4}
 38240 | Elf:3    | Identified the +4 scale mail "Ohoexalo" {+Blink rN+}
 38245 | Elf:3    | Identified the +1 hand axe "Ostriner" {drain, ^Drain Dex+5}
 38254 | Elf:3    | Identified the amulet of Elyvilon's Benevolence {Spirit
                  | Will+}
 38257 | Elf:3    | Identified the +0 chain mail "Earthly Heaven" {Str+3}
 38305 | Elf:3    | Identified the +7 rapier of Flawed Execution {heavy, rC+
                  | Str+4}
 38325 | Elf:3    | Got the Omnibus of Outbursts
 38395 | Elf:3    | Identified the ring "Joduon" {EV+5 Stlth+}
 38810 | Vaults:1 | Entered Level 1 of the Vaults
 39054 | Vaults:1 | Found a transporter.
 39065 | Vaults:1 | Found a transporter.
 39348 | Vaults:1 | Reached skill level 15 in Dodging
 41121 | Vaults:2 | Found a staircase to the Crypt.
 41383 | Vaults:2 | Found a huge runed translucent gate.
 41384 | Vaults:2 | Found a huge runed translucent gate.
 41384 | Vaults:2 | Found a huge runed translucent gate.
 41385 | Vaults:2 | Found a huge runed translucent gate.
 41385 | Vaults:2 | Found a huge runed translucent gate.
 41385 | Vaults:2 | Found a huge runed translucent gate.
 41389 | Vaults:2 | Found a huge runed translucent gate.
 41390 | Vaults:2 | Found a huge runed translucent gate.
 41390 | Vaults:2 | Found a huge runed translucent gate.
 41392 | Vaults:2 | Found a huge runed translucent gate.
 41392 | Vaults:2 | Found a huge runed translucent gate.
 41392 | Vaults:2 | Found a huge runed translucent gate.
 41393 | Vaults:2 | Found a huge runed translucent gate.
 41394 | Vaults:2 | Found a huge runed translucent gate.
 41395 | Vaults:2 | Found a huge runed translucent gate.
 41395 | Vaults:2 | Found a huge runed translucent gate.
 41395 | Vaults:2 | Found a huge runed translucent gate.
 41397 | Vaults:2 | Found a huge runed translucent gate.
 41398 | Vaults:2 | Found a huge runed translucent gate.
 41399 | Vaults:2 | Found a huge runed translucent gate.
 41399 | Vaults:2 | Found a huge runed translucent gate.
 41404 | Vaults:2 | Found a huge runed translucent gate.
 41405 | Vaults:2 | Found a huge runed translucent gate.
 41405 | Vaults:2 | Found a huge runed translucent gate.
 41405 | Vaults:2 | Found a huge runed translucent gate.
 41405 | Vaults:2 | Found a huge runed translucent gate.
 41407 | Vaults:2 | Found a huge runed translucent gate.
 41408 | Vaults:2 | Found a huge runed translucent gate.
 41409 | Vaults:2 | Found a huge runed translucent gate.
 41409 | Vaults:2 | Found a huge runed translucent gate.
 41414 | Vaults:2 | Found a huge runed translucent gate.
 41415 | Vaults:2 | Found a huge runed translucent gate.
 41415 | Vaults:2 | Found a huge runed translucent gate.
 41415 | Vaults:2 | Found a huge runed translucent gate.
 41415 | Vaults:2 | Found a huge runed translucent gate.
 41417 | Vaults:2 | Found a huge runed translucent gate.
 41554 | Vaults:2 | Reached XP level 22. HP: 188/188 MP: 31/31
 42121 | Vaults:3 | Noticed Mara
 42133 | Vaults:3 | Noticed ragingrage's illusion
 42135 | Vaults:3 | Killed Mara
 42279 | Vaults:3 | You fall into a shaft and drop 1 floor!
 42874 | Vaults:4 | Noticed Mennas
 43189 | Vaults:3 | Noticed a dread lich
 43208 | Vaults:3 | Killed a dread lich
 43992 | Vaults:4 | Killed Mennas
 44096 | Vaults:4 | Reached skill level 21 in Fighting
 44848 | D:13     | You paid a toll of 11 potions of heal wounds to enter a
                  | treasure trove
 44849 | Trove    | Entered a treasure trove
 44851 | Trove    | Found the +6 lightning scales {swift, rElec}
 44851 | Trove    | Found the +7 sceptre of Torment {pain, torment}
 44853 | Trove    | Identified the +0 storm dragon scales "Morim" {^Drain
                  | +Blink rElec rC+}
 44855 | Trove    | Identified the +3 pearl dragon scales of Moral Flaws
                  | {*Corrode rN+ Str+4 Int-2 Dex+6}
 45387 | Depths:1 | Entered Level 1 of the Depths
 45454 | Depths:1 | Reached XP level 23. HP: 167/198 MP: 25/32
 45850 | Depths:1 | Found a gateway to Hell.
 46636 | Depths:1 | Found an ornate altar of the Wu Jian Council.
 47498 | D:13     | Bought a scroll of enchant weapon for 210 gold pieces
 47850 | Depths:2 | Noticed a caustic shrike
 47856 | Depths:2 | Killed a caustic shrike
 47857 | Depths:2 | Reached skill level 1 in Shields
 48619 | Depths:2 | Identified the +1 robe of Xom's Generosity {rC++ Will-
                  | Str+3}
 48949 | Depths:3 | Reached skill level 22 in Fighting
 49050 | Depths:3 | Noticed a golden dragon
 49055 | Depths:3 | Killed a golden dragon
 49293 | Depths:3 | Reached skill level 5 in Shields
 49490 | Depths:3 | Found a one-way gate to the infinite horrors of the Abyss.
 49899 | Depths:4 | Entered Level 4 of the Depths
 49918 | Depths:4 | Noticed a caustic shrike
 49918 | Depths:4 | Noticed a caustic shrike
 49918 | Depths:4 | Noticed a caustic shrike
 49945 | Depths:3 | Killed a caustic shrike
 50056 | Depths:3 | Killed a caustic shrike
 50130 | Depths:3 | Killed a caustic shrike
 50359 | Depths:4 | Found a one-way gateway to a ziggurat.
 50448 | Depths:4 | Reached XP level 24. HP: 207/207 MP: 23/32
 50538 | Depths:3 | Identified the +1 tower shield of Parts Unknown {rPois
                  | Str-3 Dex+3 SInv}
 50538 | Depths:3 | Found a hide-covered altar of Uskayaw.
 50622 | Depths:4 | Found a gate to the Realm of Zot.
 50739 | Depths:4 | Found a bloodstained altar of Trog.
 50797 | Depths:4 | Identified a scroll of acquirement
 50797 | Depths:4 | Acquired 389 gold pieces
 51456 | Depths:4 | Learned a level 4 spell: Dimensional Bullseye
 51779 | Vaults:5 | Entered Level 5 of the Vaults
 51807 | Vaults:5 | Reached skill level 15 in Armour
 51895 | Vaults:5 | Got a silver rune of Zot
 51985 | Vaults:5 | Identified the +3 shortbow of Uskayaw's Outrage {drain, Fly
                  | rPois rC++ Will-}
 52281 | Vaults:5 | Got the Grimoire of the Summer and Wanderlust
 52376 | Vaults:5 | Noticed a dread lich
 52388 | Vaults:5 | Killed a dread lich
 52487 | Vaults:5 | Identified the +0 fire dragon scales "Ceckehin" {rF++ rC-
                  | Int+2 SInv}
 52498 | Vaults:5 | Noticed an ancient lich
 52507 | Vaults:5 | Killed an ancient lich
 52843 | Vaults:5 | Got the Folio of Firn and Reagents
 52846 | Vaults:5 | Identified the +1 spear "Mabby" {venom, Stlth+}
 53666 | Zot:1    | Entered Level 1 of the Realm of Zot
 53666 | Zot:1    | Found a transporter.
 53682 | Zot:1    | Reached XP level 25. HP: 179/216 MP: 23/32
 53756 | Zot:1    | Reached skill level 23 in Fighting
 54458 | Zot:1    | Found the +4 dragonskin cloak
 54458 | Zot:1    | Noticed Tiamat
 54529 | Zot:1    | Reached skill level 24 in Fighting
 54812 | Zot:1    | Found a transporter.
 54820 | Zot:1    | Found a transporter.
 54917 | Zot:1    | Noticed an orb of fire
 54919 | Zot:1    | Gained mutation: You are weak. (Str -2) [an orb of fire]
 54921 | Zot:1    | Killed an orb of fire
 54946 | Zot:1    | Noticed an orb of fire
 54953 | Zot:1    | Killed an orb of fire
 55317 | Zot:1    | Found a transporter.
 55334 | Zot:1    | Found a transporter.
 55335 | Zot:1    | Found a transporter.
 56102 | Zot:2    | You are sucked into a shaft and drop 1 floor!
 56852 | Zot:4    | Noticed an orb of fire
 56853 | Zot:4    | Gained mutation: You are clumsy. (Dex -2) [an orb of fire]
 56863 | Zot:4    | Killed an orb of fire
 57530 | Zot:5    | Entered Level 5 of the Realm of Zot
 58420 | Zot:5    | Reached XP level 26. HP: 228/228 MP: 23/32
 58759 | Zot:5    | Noticed a Killer Klown
 58759 | Zot:5    | Noticed a Killer Klown
 58774 | Zot:5    | Noticed an ancient lich
 58784 | Zot:5    | Killed an ancient lich
 58785 | Zot:5    | Killed a Killer Klown
 58983 | Zot:5    | Noticed an ancient lich
 58989 | Zot:5    | Noticed an orb of fire
 58993 | Zot:5    | Gained mutation: You occasionally lose the ability to drink
                  | potions when taking damage. [an orb of fire]
 58995 | Zot:5    | Killed an ancient lich
 58999 | Zot:5    | Gained mutation: You are frail. (-10% HP) [an orb of fire]
 59005 | Zot:5    | Killed an orb of fire
 59514 | Zot:5    | Reached skill level 15 in Invocations
 60274 | Zot:5    | Killed a Killer Klown
 60275 | Zot:5    | Noticed an orb of fire
 60284 | Zot:5    | Noticed an orb of fire
 60608 | Zot:5    | Gained mutation: You are somewhat resistant to further
                  | mutation. [an orb of fire]
 60610 | Zot:5    | Killed an orb of fire
 60611 | Zot:5    | Lost mutation: You are somewhat resistant to further
                  | mutation. [potion of mutation]
 60611 | Zot:5    | Lost mutation: You are clumsy. (Dex -2) [potion of
                  | mutation]
 60611 | Zot:5    | Gained mutation: You occasionally lose the ability to read
                  | scrolls when taking damage. [potion of mutation]
 60611 | Zot:5    | Gained mutation: You possess an exceptional clarity of
                  | mind. [potion of mutation]
 60611 | Zot:5    | Gained mutation: Armour fits poorly on your strangely
                  | shaped body. [potion of mutation]
 60611 | Zot:5    | Gained mutation: Your spells are a little harder to cast,
                  | but a little more powerful. [potion of mutation]
 60612 | Zot:5    | Lost mutation: You are weak. (Str -2) [potion of mutation]
 60612 | Zot:5    | Lost mutation: Armour fits poorly on your strangely shaped
                  | body. [potion of mutation]
 60612 | Zot:5    | Lost mutation: Your spells are a little harder to cast, but
                  | a little more powerful. [potion of mutation]
 60612 | Zot:5    | Gained mutation: You are clumsy. (Dex -2) [potion of
                  | mutation]
 60612 | Zot:5    | Gained mutation: Your mind is acute. (Int +4, Str/Dex -1)
                  | [potion of mutation]
 60613 | Zot:5    | Lost mutation: Your mind is acute. (Int +4, Str/Dex -1)
                  | [potion of mutation]
 60613 | Zot:5    | Lost mutation: You are frail. (-10% HP) [potion of
                  | mutation]
 60613 | Zot:5    | Gained mutation: You passively dampen the noise of your
                  | surroundings. [potion of mutation]
 60614 | Zot:5    | Lost mutation: You passively dampen the noise of your
                  | surroundings. [potion of mutation]
 60614 | Zot:5    | Lost mutation: You possess an exceptional clarity of mind.
                  | [potion of mutation]
 60614 | Zot:5    | Gained mutation: You are partially covered in iridescent
                  | scales. (AC +2) [potion of mutation]
 60614 | Zot:5    | Gained mutation: You have a somewhat thin skeletal
                  | structure. (Dex +2, Stealth+) [potion of mutation]
 60615 | Zot:5    | Lost mutation: You are clumsy. (Dex -2) [potion of
                  | mutation]
 60615 | Zot:5    | Lost mutation: You occasionally lose the ability to drink
                  | potions when taking damage. [potion of mutation]
 60615 | Zot:5    | Lost mutation: You are partially covered in iridescent
                  | scales. (AC +2) [potion of mutation]
 60615 | Zot:5    | Gained mutation: Your flesh is heat resistant. (rF+)
                  | [potion of mutation]
 60615 | Zot:5    | Gained mutation: You occasionally lose the ability to drink
                  | potions when taking damage. [potion of mutation]
 60615 | Zot:5    | Gained mutation: You have a pair of small horns on your
                  | head. [potion of mutation]
 60616 | Zot:5    | Lost mutation: You occasionally lose the ability to drink
                  | potions when taking damage. [potion of mutation]
 60616 | Zot:5    | Lost mutation: Your flesh is heat resistant. (rF+) [potion
                  | of mutation]
 60616 | Zot:5    | Gained mutation: You have hidden genetic potential. [potion
                  | of mutation]
 60616 | Zot:5    | Gained mutation: You have a moderately thin skeletal
                  | structure. (Dex +4, Stealth++) [potion of mutation]
 60617 | Zot:5    | Lost mutation: You have hidden genetic potential. [potion
                  | of mutation]
 60617 | Zot:5    | Lost mutation: You have a pair of small horns on your head.
                  | [potion of mutation]
 60617 | Zot:5    | Gained mutation: You have hidden genetic potential. [potion
                  | of mutation]
 60618 | Zot:5    | Lost mutation: You have a moderately thin skeletal
                  | structure. (Dex +4, Stealth++) [potion of mutation]
 60618 | Zot:5    | Lost mutation: You occasionally lose the ability to read
                  | scrolls when taking damage. [potion of mutation]
 60618 | Zot:5    | Gained mutation: You are weak. (Str -2) [potion of
                  | mutation]
 60618 | Zot:5    | Gained mutation: Your flesh is heat resistant. (rF+)
                  | [potion of mutation]
 62131 | Zot:5    | Identified the +2 chain mail "Cuysh" {*Slow Str+5 SInv}
 62147 | Zot:5    | Gained mutation: You occasionally lose the ability to read
                  | scrolls when taking damage. [an orb of fire]
 62155 | Zot:5    | Killed an orb of fire
 62269 | Zot:5    | Noticed an ancient lich
 62271 | Zot:5    | Killed an ancient lich
 62498 | Zot:5    | Noticed an orb of fire
 62505 | Zot:5    | Killed an orb of fire
 62783 | Zot:5    | Noticed an orb of fire
 62793 | Zot:5    | Killed an orb of fire
 62877 | Zot:5    | Got the Orb of Zot
 62915 | Zot:5    | Noticed Ybamour the pandemonium lord
 62915 | Zot:5    | Noticed an orb of fire
 62916 | Zot:5    | Lost mutation: Your flesh is heat resistant. (rF+) [potion
                  | of mutation]
 62916 | Zot:5    | Lost mutation: You occasionally lose the ability to read
                  | scrolls when taking damage. [potion of mutation]
 62916 | Zot:5    | Lost mutation: You are weak. (Str -2) [potion of mutation]
 63167 | Depths:1 | Noticed Esuwk the pandemonium lord
 63175 | Depths:1 | Noticed Ummidgh the pandemonium lord
 63417 | D:10     | Noticed Peshyj the pandemonium lord
 63430 | D:9      | Killed Peshyj the pandemonium lord
 63582 | D:3      | Killed Terence
 63645 | D:$      | Escaped with the Orb!

Illustrated notes

Levels and vault maps discovered:
D:1:      dpeg_arrival_short_road, layout_loops_cross
D:2:      layout_rooms, dk_noncrumbling_2, minmay_misc_feat_secret_circle
D:3:      layout_rooms, lightli_sewer_entry_pipes, uniq_grinder, uniq_terence
D:4:      layout_rooms, temple_doors_e, hex_tiny
D:5:      layout_gridville, serial_shops, shop, grunt_ministairs_4,
          nrook_mini_vaults, nicolae_stop_n_shop_2, uniq_sigmund
D:6:      layout_loops_ring
D:7:      layout_basic, kb_rosetta
D:8:      layout_gridville, old_standard_altar, minivault_21, uniq_pikel
D:9:      layout_small_grid, gammafunk_temple_overflow_claw, uniq_erica
D:10:     layout_loops_ring, grunt_ministairs_9, chequers_garden,
          grunt_decor_one_mirror, feat_on_display, uniq_maggie, uniq_grum,
          uniq_urug, uniq_josephine
D:11:     regret_index_wax_grids, layout_stronghold, lair_entry_dummy,
          minmay_radiant
D:12:     layout_cave_pools, uniq_lodul, uniq_erolcha, uniq_kirke
D:13:     layout_cross, david_vaults_5, trove_entry_hex_spiral, serial_shops,
          nicolae_shop_pleasant_corner_grove, serial_column_ruins,
          column_ruins_open_tiny, column_ruins_grid_1, column_ruins_open_tiny,
          column_ruins_columns_straight, demons_altar
D:14:     layout_gridville
D:15:     hangedman_depths_entry_civil_slaughter, layout_small_grid, minivault_4
Temple:   mainiacjoe_temple_bowtie_tessellation
Lair:1:   layout_regular_city, gammafunk_ghost_cemetery,
          dreamdust_gnoll_shepherd
Lair:2:   layout_small_grid, elwin_shoals_entry_stream
Lair:3:   layout_regular_city, spider_nest_entry_a, minivault_27,
          kennysheep_catoblepas_arena
Lair:4:   nzn_winding_woodlands_small [nzn_winding_woodlands_5x15_zeroes,
          nzn_winding_woodlands_center_diamonds,
          nzn_winding_woodlands_5x15_eye], layout_small_grid,
          minmay_slime_entry_pillars, serial_rivers,
          chequers_serial_rivers_micro_d, chequers_serial_rivers_room_a,
          chequers_serial_rivers_large_a, chequers_serial_rivers_micro_d,
          chequers_serial_rivers_large_b, chequers_serial_rivers_marsh,
          st_stairs_5, infiniplex_staircase_pool_2, uniq_snorg
Lair:5:   evilmike_catoblepas_cave, layout_loops_ring,
          chequers_serial_rivers_micro_c, guppyfry_lair_drakes, uniq_rupert
Shoals:1: layout_shoals, uniq_frances
Shoals:2: nzn_motion_control, layout_shoals, uniq_ilsuiw
Shoals:3: layout_shoals, uniq_nikola
Shoals:4: shoals_end_hellmonk_storm_palace [storm_palace_center_square,
          storm_palace_corner_narrow, storm_palace_corner_altar,
          storm_palace_corner_grid, storm_palace_corner_altar], serial_shops
Spider:1: layout_spider_delve, portal_ice_cave_entry_ice_simulacra, uniq_louise
Spider:2: nicolae_spider_hall_of_the_moth_king,
          nicolae_spider_nooks_and_crannies
Spider:3: layout_spider_delve
Spider:4: hellmonk_spider_rune_bug_friends, special_room [special_room_bee],
          uniq_arachne
Orc:1:    layout_diamond_mine, serial_shops, nicolae_book_shop_shelving
Orc:2:    pf_orc_diabolical, layout_diamond_mine
Elf:1:    layout_loops_corners, serial_shops, nicolae_shop_hallway_stairs,
          minmay_elf_annihilation
Elf:2:    elven_hall_of_blades_hangedman_original
          [nicolae_blade_entry_sentries_behind_glass], layout_geoelf_grid,
          serial_shops, nicolae_shop_window_shopping, shop, shop_statue,
          minmay_the_grid_square_5x5_3x3_mashed
          [minmay_the_grid_square_5x5_eight_small, minmay_the_grid_square_5x5_v,
          minmay_the_grid_square_5x5_one_wall,
          minmay_the_grid_square_5x5_broken_cross,
          minmay_the_grid_square_5x5_megaprize_checkered,
          minmay_the_grid_square_5x5_eight, minmay_the_grid_square_5x5_minimal,
          minmay_the_grid_square_5x5_percent, minmay_the_grid_square_5x5_plus]
Elf:3:    elf_hall_gauntlet_wide, layout_onion_city, mu_enter_wizlab_1
Vaults:1: nicolae_vaults_variable_pillar_hall, vaults_dpeg_ring,
          gammafunk_sealed_arena, nicolae_vaults_oval_intersection,
          nicolae_vaults_little_ls, ontoclasm_vaults_gateway,
          nicolae_vaults_alarming, nicolae_vaults_tangram_1,
          nicolae_vaults_three_branches, nicolae_vaults_house_3,
          nicolae_vaults_little_squares_6, vaults_room_hallway,
          layout_vaults_omnigrid
Vaults:2: vaults_dpeg_spiral, door_vault, vaults_mumra_lcd,
          ontoclasm_vaults_claustrophobia, minmay_crypt_entry_simple_corners,
          nicolae_vaults_circle_grid_b, nicolae_vaults_trapezoid_2, v_misc_31,
          nicolae_vaults_angled_halls, nicolae_vaults_trapezoid_lopsided_1,
          layout_vaults_omnicross
Vaults:3: nicolae_vaults_oval_intersection, vaults_mumra_hexcomb, v_misc_28,
          serial_library_regret_index_headful, nicolae_vaults_tetromino_T_1,
          v_misc_29, hangedman_vaults_cutoff, nicolae_vaults_network_square,
          vaults_room_fours, layout_vaults_big_room, uniq_mara, uniq_margery
Vaults:4: grunt_vaults_funnel, vaults_room_large_hall, vaults_room_boxed,
          nicolae_vaults_trapezoid_3, ontoclasm_vaults_twist,
          nicolae_vaults_off_center_swirl, nicolae_vaults_tangram_1,
          vaults_room_corners, vaults_room_door_ring, v_rooms_3,
          nicolae_vaults_theta, nicolae_vaults_steering_wheel,
          nicolae_vaults_yaktaur_gun_rack, nicolae_vaults_trapezoid_lopsided_1,
          ontoclasm_vaults_loading_screen, layout_vaults_omnibox, uniq_mennas
Vaults:5: serial_shops
Depths:1: layout_gridlike, nzn_wu_jian_council_hall, pf_hell_entry_tar_river,
          wad_mini_maze
Depths:2: minmay_strange_plus, layout_cave_shapes, rand_demon_pan_entry_1,
          pf_hell_entry_great_geh, minivault_16, infiniplex_staircase_zigzag_1
Depths:3: regret_index_uskayaw_diablada_macabre, layout_cave_pools, abyss_entry,
          hell_entry, serial_bayou, serial_bayou_lagoon_a,
          serial_bayou_lagoon_b, serial_bayou_pond_c, serial_bayou_shore_b,
          serial_bayou_crossing, minmay_hedge_maze
Depths:4: evilmike_zot_entry_argh, layout_basic, enter_ziggurat_f, hell_entry,
          bloody_trog
Zot:1:    lemuel_firehouse, layout_concentric_octagons,
          regret_index_zotdec_barnacled_alternative,
          regret_index_zotdec_under_construction, serial_nicolae_subway,
          nicolae_sub_station_stone, nicolae_sub_station_metal,
          nicolae_sub_station_crystal, uniq_parghit, uniq_tiamat
Zot:2:    layout_onion, skrybe_zot_glass_2
Zot:3:    layout_concentric_octagons, regret_index_zotdec_onion_hex,
          st_stairs_14, uniq_grunn
Zot:4:    kennysheep_ambush_hall, layout_basic
Zot:5:    layout_misc_corridors

Skill      XL: |  1  2  3  4  5  6  7  8  9 10 11 12 13 14 15 16 17 18 19 20 21 22 23 24 25 26 |
---------------+-------------------------------------------------------------------------------+-----
Ranged Weapons | 4 5 6 8 10 12 14 15 16 17 18 19 20 | 20.0
Stealth        | 1 2 3 6 7 9 |  9.0
Fighting       | 3 4 5 9 12 14 16 17 18 19 20 21 22 24 | 24.0
Dodging        | 2 4 6 8 11 12 13 14 15 16 17 | 17.0
Armour         | 1 5 7 8 9 10 11 13 18 21 22 | 22.0
Invocations    | 2 7 11 13 20 | 20.3
Evocations     | 1 5 11 13 15 17 18 | 18.0
Shields        | 6 7 |  7.0

Action                     |  1- 3 |  4- 6 |  7- 9 | 10-12 | 13-15 | 16-18 | 19-21 | 22-24 | 25-27 || total
---------------------------+-------+-------+-------+-------+-------+-------+-------+-------+-------++-------
  Melee: Dagger            |       |       |     8 |       |       |       |       |       |       ||     8
         Shortbow          |       |       |     1 |       |       |       |       |       |       ||     1
         Battleaxe         |       |       |     3 |       |       |       |       |       |       ||     3
         Orcbow            |       |       |       |       |       |     1 |     1 |       |       ||     2
         Hand cannon       |       |       |       |       |       |       |       |     1 |       ||     1
   Fire: Shortbow          |   128 |   165 |   216 |   603 |   711 |       |       |       |       ||  1823
         Orcbow            |       |       |    91 |    57 |   661 |  1346 |  1719 |   730 |       ||  4604
         Hand cannon       |       |       |       |       |       |       |       |   684 |   636 ||  1320
  Throw: Dart              |       |       |       |     2 |     1 |     1 |       |       |       ||     4
 Invoke: Ancestor Life: Kn |       |       |     1 |       |       |       |       |       |       ||     1
         Recall Ancestor   |       |       |       |    10 |     5 |     4 |    10 |    12 |    18 ||    59
         Idealise          |       |       |       |     3 |     7 |     7 |     7 |     9 |    13 ||    46
         Transference      |       |       |       |       |     1 |       |       |       |     1 ||     2
  Evoke: Wand              |       |       |       |     4 |       |     5 |     7 |     8 |    15 ||    39
         Phantom mirror    |       |       |       |     1 |       |     1 |     4 |     1 |     3 ||    10
         Condenser vane    |       |       |       |       |       |     2 |     5 |     4 |     2 ||    13
         Box of beasts     |       |       |       |       |       |     1 |     3 |     3 |     3 ||    10
         Lightning rod     |       |       |       |       |       |       |     6 |     3 |       ||     9
         Phial of floods   |       |       |       |       |       |       |     1 |     1 |       ||     2
    Use: Scroll            |       |     1 |    11 |     9 |     9 |     4 |     2 |    11 |    16 ||    63
         Potion            |       |     1 |       |     2 |       |     1 |     6 |     4 |    16 ||    30
 Armour: Leather armour    |    46 |    56 |    71 |    16 |       |       |       |       |       ||   189
         Acid dragon scale |       |       |       |    84 |    70 |       |       |       |       ||   154
         Troll leather arm |       |       |       |       |    59 |   246 |   249 |    68 |       ||   622
         Ice dragon scales |       |       |       |       |       |       |    36 |       |       ||    36
         Pearl dragon scal |       |       |       |       |       |       |       |   263 |   240 ||   503
  Dodge: Dodged            |    54 |    66 |   114 |   187 |   227 |   240 |   464 |   470 |   260 ||  2082
  Block: Buckler           |       |       |       |       |       |       |       |   129 |    94 ||   223

Table legend: (Time is in decaauts)
 A = Elapsed time spent in this place.
 B = Non-inter-level travel time spent in this place.
 C = Inter-level travel time spent in this place.
 D = Time resting spent in this place.
 E = Time spent auto-exploring this place.
 F = Levels seen in this place.
 G = Mean time per level.
                   A        B        C        D        E       F      G
               +--------+--------+--------+--------+--------+-----+--------+
         Total |  62826 |  56648 |   6178 |  16411 |  28278 |  52 | 1208.2 |
       Dungeon |  15537 |  13301 |   2236 |   2740 |   7748 |  15 | 1035.8 |
        Temple |     35 |      1 |     34 |      0 |      0 |   1 |   35.0 |
          Lair |   6417 |   5693 |    724 |    679 |   3792 |   5 | 1283.4 |
        Shoals |   4810 |   4527 |    283 |   1503 |   2034 |   4 | 1202.5 |
   Spider Nest |   4079 |   3719 |    360 |   1107 |   1786 |   4 | 1019.8 |
  Orcish Mines |   2132 |   1692 |    440 |    194 |   1132 |   2 | 1066.0 |
   Elven Halls |   4111 |   3757 |    354 |    972 |   1930 |   3 | 1370.3 |
        Vaults |   7767 |   6911 |    856 |    936 |   4507 |   5 | 1553.4 |
        Depths |   5960 |   5205 |    755 |   1314 |   2775 |   4 | 1490.0 |
           Zot |   9388 |   9257 |    131 |   6169 |   1641 |   5 | 1877.6 |
         Trove |     61 |     61 |      0 |      0 |      2 |   1 |   61.0 |
         Sewer |    332 |    332 |      0 |    114 |    123 |   1 |  332.0 |
      Ice Cave |   1276 |   1276 |      0 |    512 |    360 |   1 | 1276.0 |
        Wizlab |    914 |    914 |      0 |    166 |    445 |   1 |  914.0 |
               +--------+--------+--------+--------+--------+-----+--------+

Top non-repeatable levels by time:
   Zot:5: 4864 daAuts
    D:11: 2818 daAuts
   Zot:1: 2403 daAuts
   Zot:4: 2024 daAuts
Depths:1: 1999 daAuts
Vaults:2: 1784 daAuts
   Orc:2: 1683 daAuts
   Elf:3: 1676 daAuts
Vaults:4: 1655 daAuts
Vaults:5: 1575 daAuts
Vaults:1: 1542 daAuts
Depths:4: 1528 daAuts
Shoals:4: 1505 daAuts
Shoals:3: 1476 daAuts
Spider:4: 1438 daAuts
